 Dungeon Crawl Stone Soup version 0.30-a0-465-g8901f6c8b5 (webtiles) character file.

Game seed: 13536286476232068269

453062 themarg the Metallomancer (level 23, -4/215 HPs)
             Began as a Yellow Draconian Conjurer on Dec 11, 2022.
             Was a High Priest of Ashenzari.
             Slain by a rockslime (22 damage)
             ... created by the Royal Jelly
             ... on level 5 of the Pits of Slime on Dec 17, 2022.
             The game lasted 06:22:43 (66998 turns).

themarg the Metallomancer (DrCj)                   Turns: 66998, Time: 06:22:43

Health: -4/215     AC:  7    Str:  6    XL:     23   Next: 23%
Magic:  18/49      EV: 20    Int: 36    God:    Ashenzari [*****.]
Gold:   2111       SH: 11    Dex: 23    Spells: 2/67 levels left

rFire   + + .      SeeInvis +    g - +6 demon blade "Shackled With Me" {elec, Evo, Comp} (curse)
rCold   + . .      Faith    .    d - +3 buckler of Ashenzari's Stars {Regen+ Str-5 Int+2, Melee, Fort} (curse)
rNeg    + . .      Spirit   .    (body armour unavailable)
rPois   +          Reflect  .    P - -2 hat of the Alchemist {rElec rPois rF+ rC+ rN+ Will+ rMut rCorr}
rElec   +          Harm     .    Z - +2 cloak "At What Cost Knowledge?" {Cun, Self} (curse)
rCorr   +          Rampage  .    t - +1 pair of gloves "Clairvoyant Trepidation" {Will+ Dex+7, Melee, Bglg} (curse)
rMut    +          Clarity  +    i - +0 pair of boots of the Eye in the Sky {Bglg, Comp} (curse)
Will    +++..                    X - amulet of the Eternal Sun {RegenMP, Range, Evo} (curse)
Stlth   +++.......               l - ring of the Tethered Secrets {Int+6, Bglg, Melee} (curse)
HPRegen 1.35/turn                T - ring of Ashenzari's Negation {rF+ Dex+6, Alch, Bglg} (curse)
MPRegen 0.71/turn

@: corroded, studying 2 skills
A: spit acid, AC +11, unfitting armour, acidic bite, cold-blooded, acid
resistance
}: 2/15 runes: serpentine, barnacled
a: Breathe Acid, Renounce Religion, Shatter the Chains


You were on level 5 of the Pits of Slime.
You worshipped Ashenzari.
Ashenzari was extremely pleased with you.
You visited 10 branches of the dungeon, and saw 47 of its levels.
You also visited: Bailey, Volcano and Wizlab.

You collected 5723 gold pieces.
You spent 3612 gold pieces at shops.

Inventory:

Hand Weapons
 g - the cursed +6 demon blade "Shackled With Me" (weapon) {elec, Evo, Comp}
   (You took it off a naga ritualist on level 1 of the Snake Pit)

   It occasionally discharges a powerful burst of electricity upon striking a
   foe.
   It has a curse which improves the following skills: Evocations: Evocations.
   Companions: Summonings and Necromancy.
Missiles
 R - 4 throwing nets
Armour
 d - the cursed +3 buckler of Ashenzari's Stars (worn) {Regen+ Str-5 Int+2, Melee, Fort}
   (You acquired it on level 1 of the Snake Pit)

   Str:       It affects your strength (-5).
   Int:       It affects your intelligence (+2).
   Regen:     It increases your rate of health regeneration.
   It has a curse which improves the following skills: Melee Combat: Short
   Blades, Long Blades, Axes, Maces & Flails, Polearms, Staves and Unarmed
   Combat.
   Fortitude: Shields.
 i - the cursed +0 pair of boots of the Eye in the Sky (worn) {Bglg, Comp}
   (You found it on level 2 of the Shoals)

   It has a curse which improves the following skills: Beguiling: Conjurations,
   Hexes and Translocations.
   Companions: Summonings and Necromancy.
 t - the cursed +1 pair of gloves "Clairvoyant Trepidation" (worn) {Will+ Dex+7, Melee, Bglg}
   (You acquired it on level 1 of the Snake Pit)

   Dex:       It affects your dexterity (+7).
   Will:      It increases your willpower.
   It has a curse which improves the following skills: Melee Combat: Short
   Blades, Long Blades, Axes, Maces & Flails, Polearms, Staves and Unarmed
   Combat.
   Beguiling: Conjurations, Hexes and Translocations.
 P - the -2 hat of the Alchemist (worn) {rElec rPois rF+ rC+ rN+ Will+ rMut rCorr}
   (You found it on level 3 of the Elven Halls)

   rF:        It protects you from fire.
   rC:        It protects you from cold.
   rElec:     It insulates you from electricity.
   rPois:     It protects you from poison.
   rN:        It protects you from negative energy.
   rCorr:     It protects you from acid and corrosion.
   rMut:      It protects you from mutation.
   Will:      It increases your willpower.
 Z - the cursed +2 cloak "At What Cost Knowledge?" (worn) {Cun, Self}
   (You bought it in a shop on level 4 of the Snake Pit)

   It has a curse which improves the following skills: Cunning: Dodging and
   Stealth.
   Introspection: Fighting and Spellcasting.
Magical Staves
 z - a staff of earth
Jewellery
 k - the ring "Fausurari" {Ice Drain rElec rN+ Int+3}
   (You took it off a deep elf zephyrmancer on level 3 of the Elven Halls)

   [ring of ice]

   It enhances your ice magic.
   Int:       It affects your intelligence (+3).
   rF:        It makes you vulnerable to fire.
   rC:        It protects you from cold.
   rElec:     It insulates you from electricity.
   rN:        It protects you from negative energy.
   Drain:     It drains your maximum health when unequipped.
 l - the cursed ring of the Tethered Secrets (left hand) {Int+6, Bglg, Melee}
   (You found it on level 2 of the Dungeon)

   [ring of intelligence]

   Int:       It affects your intelligence (+6).
   It has a curse which improves the following skills: Beguiling: Conjurations,
   Hexes and Translocations.
   Melee Combat: Short Blades, Long Blades, Axes, Maces & Flails, Polearms,
   Staves and Unarmed Combat.
 T - the cursed ring of Ashenzari's Negation (right hand) {rF+ Dex+6, Alch, Bglg}
   (You found it on level 12 of the Dungeon)

   [ring of dexterity]

   Dex:       It affects your dexterity (+6).
   rF:        It protects you from fire.
   It has a curse which improves the following skills: Alchemy: Poison Magic and
   Transmutations.
   Beguiling: Conjurations, Hexes and Translocations.
 W - a ring of magical power
 X - the cursed amulet of the Eternal Sun (around neck) {RegenMP, Range, Evo}
   (You found it on level 2 of the Lair of Beasts)

   [amulet of magic regeneration]

   It increases your rate of magic regeneration.
   It has a curse which improves the following skills: Ranged Combat: Ranged
   Weapons and Throwing.
   Evocations: Evocations.
Wands
 c - a wand of polymorph (12)
 C - a wand of digging (3)
 D - a wand of iceblast (47)
 F - a wand of charming (26)
 N - a wand of mindburst (10)
 Y - a wand of light (5)
Scrolls
 a - 3 scrolls of magic mapping
 j - 23 scrolls of teleportation
 n - 5 scrolls of torment
 o - 3 scrolls of silence
 r - 16 scrolls of poison
 s - 9 scrolls of fear
 u - 8 scrolls of immolation
 w - 3 scrolls of fog
 B - 6 scrolls of blinking
 J - 3 scrolls of enchant armour
 K - 8 scrolls of butterflies
 M - 3 scrolls of summoning
 U - 2 scrolls of amnesia
Potions
 b - 6 potions of lignification
 e - 8 potions of haste
 f - 18 potions of curing
 h - 7 potions of resistance
 m - 5 potions of ambrosia
 p - 5 potions of magic
 q - 8 potions of cancellation
 v - 5 potions of invisibility
 A - 8 potions of might
 H - 9 potions of attraction
 I - 15 potions of flight
 O - 9 potions of brilliance
 S - 8 potions of heal wounds
Miscellaneous
 x - a phantom mirror (inert)
 E - a condenser vane
 G - a lightning rod (4/4)
 L - a tin of tremorstones (2/2)
 Q - a phial of floods
 V - a box of beasts


   Skills:
 - Level 17.5(19.6) Fighting
 - Level 8.1(10.4) Dodging
 - Level 3.0(5.0) Stealth
 - Level 9.3(11.6) Shields
 + Level 20.9(22.9) Spellcasting
 - Level 10.6(16.1) Conjurations
 - Level 4.6(9.6) Hexes
 * Level 7.6(11.1) Summonings
 + Level 9.1(12.5) Necromancy
 - Level 2.3(6.3) Translocations
 - Level 1.4(3.0) Transmutations
 - Level 10.0 Ice Magic
 - Level 22.0 Earth Magic
 - Level 12.7(16.1) Evocations


You had 2 spell levels left.
You knew the following spells:

 Your Spells              Type           Power      Damage    Failure   Level
a - Magic Dart            Conj           100%       1d8       0%          1
b - Shatter               Erth           57%        3d43*     9%          9
c - Haunt                 Necr/Summ      45%        N/A       4%          7
d - Iskenderun's Mystic   Conj/Tloc      89%        2d17      1%          4
e - Iron Shot             Conj/Erth      54%        9d10      1%          6
f - Freezing Cloud        Conj/Ice/Air   40%        6-21      1%          5
g - Borgnjor's Vile Clut  Necr/Erth      52%        N/A       0%          5
h - Irradiate             Conj/Tmut      41%        3d25      1%          5
i - Yara's Violent Unrav  Hex/Tmut       36%        3d15      1%          5
j - Spellforged Servitor  Conj/Summ      48%        N/A       2%          7
k - Lehudib's Crystal Sp  Conj/Erth      54%        10d13     1%          8
q - Apportation           Tloc           100%       N/A       1%          1
z - Sublimation of Blood  Necr           93%        N/A       0%          2

Your spell library contained the following spells:

 Spells                   Type           Power      Damage    Failure   Level
 Freeze                   Ice            100%       1d10      0%          1
 Kiss of Death            Conj/Necr      100%       2d13      0%          1
 Necrotise                Necr           100%       1d9       0%          1
 Sandblast                Erth           100%       2d20      0%          1
 Slow                     Hex            100%       N/A       0%          1
 Summon Small Mammal      Summ           100%       N/A       0%          1
 Passwall                 Tmut/Erth      76%        N/A       0%          2
 Searing Ray              Conj           100%       2d8       0%          2
 Beastly Appendage        Tmut           100%       N/A       1%          1
 Sting                    Tmut/Pois      100%       1d8       1%          1
 Cigotuvi's Dreadful Rot  Necr/Pois/Air  100%       N/A       1%          2
 Ensorcelled Hibernation  Hex/Ice        100%       N/A       1%          2
 Poisonous Vapours        Pois/Air       84%        N/A       1%          2
 Wereblood                Tmut           58%        N/A       1%          2
 Dazzling Flash           Conj/Hex       100%       N/A       0%          3
 Stone Arrow              Conj/Erth      100%       3d13      0%          3
 Vampiric Draining        Necr           93%        2d12      0%          3
 Confusing Touch          Hex            84%        N/A       1%          3
 Gell's Gravitas          Tloc           72%        N/A       1%          3
 Ignite Poison            Fire/Tmut/Pois 49%        N/A       1%          3
 Inner Flame              Hex/Fire       66%        N/A       1%          3
 Lesser Beckoning         Tloc           100%       N/A       1%          3
 Mephitic Cloud           Conj/Pois/Air  69%        N/A       1%          3
 Spider Form              Tmut/Pois      52%        N/A       1%          3
 Summon Guardian Golem    Hex/Summ       86%        N/A       1%          3
 Teleport Other           Tloc           72%        N/A       1%          3
 Tukima's Dance           Hex            84%        N/A       1%          3
 Anguish                  Hex/Necr       44%        N/A       1%          4
 Animate Dead             Necr           93%        N/A       1%          4
 Cause Fear               Hex            42%        N/A       1%          4
 Dispel Undead            Necr           93%        3d29      1%          4
 Flame Wave               Conj/Fire      78%        2d17      1%          4
 Fulminant Prism          Conj/Hex       47%        3d21      1%          4
 Passage of Golubria      Tloc           72%        N/A       1%          4
 Petrify                  Tmut/Erth      92%        N/A       1%          4
 Sticky Flame             Conj/Fire      78%        2d9       1%          4
 Summon Ice Beast         Ice/Summ       87%        N/A       1%          4
 Arcjolt                  Conj/Air       39%        1d49      1%          5
 Iskenderun's Battlesphe  Conj           100%       2d15      1%          5
 Lightning Bolt           Conj/Air       39%        1d57      1%          5
 Summon Forest            Summ/Tloc      40%        N/A       1%          5
 Summon Mana Viper        Hex/Summ       86%        N/A       1%          5
 Summon Cactus Giant      Summ           44%        N/A       1%          6
 Silence                  Hex/Air        33%        N/A       2%          5
 Conjure Ball Lightning   Conj/Air       39%        3x3d14    4%          6
 Starburst                Conj/Fire      39%        6d11      4%          6
 Blade Hands              Tmut           29%        N/A       6%          5
 Monstrous Menagerie      Summ           44%        N/A       6%          7
 Summon Hydra             Summ           44%        N/A       6%          7
 Alistair's Intoxication  Tmut/Pois      34%        N/A       11%         5
 Enfeeble                 Hex            42%        N/A       12%         7
 Borgnjor's Revivificati  Necr           46%        N/A       28%         8
 Infestation              Necr           46%        N/A       28%         8
 Eringya's Noxious Bog    Tmut/Pois      26%        N/A       50%         6
 Discord                  Hex            42%        N/A       67%         8
 Dragon Form              Tmut           29%        N/A       88%         7
 Ignition                 Fire           20%        3d7       100%        8
 Chain Lightning          Conj/Air       39%        3d52      100%        9
 Animate Armour           Summ/Erth      Unusable   N/A       N/A         4

Dungeon Overview and Level Annotations

Branches:
Dungeon (15/15)            Temple (1/1) D:4            Lair (5/5) D:10
 Shoals (4/4) Lair:2        Snake (4/4) Lair:3        Slime (5/5) Lair:4
    Orc (2/2) D:11            Elf (3/3) Orc:2        Vaults (4/5) D:13
  Crypt (0/3) Vaults:2     Depths (4/4) D:15            Zot (0/5) Depths:4
 Bailey (visited)         Volcano (visited)          WizLab (visited)

Altars:
Ashenzari
Cheibriados
Dithmenos
Elyvilon
Fedhas
Gozag
Hepliaklqana
Kikubaaqudgha
Makhleb
Nemelex Xobeh
Okawaru
Qazlal
Ru
Sif Muna
Trog
Uskayaw
Vehumet
Wu Jian
Xom
Yredelemnul
Zin
The Shining One
Jiyva
Lugonu

Shops:
D:3 :   D:7 (   D:11 (   D:14 :   D:15 (   Orc:2 *:(*   Elf:3 =::
Shoals:2 [(**?   Snake:1 *   Snake:4 [   Vaults:3 [   Vaults:4 *   Depths:3 [

Portals:
Hell: Depths:1 Depths:3 Depths:4
Abyss: Shoals:3 Depths:3
Pandemonium: Depths:2 Depths:4
Ziggurat: Depths:4
Trove: Depths:1 (give +4 storm dragon scales)

Annotations:
Lair:5 exclusion: obsidian statue
Shoals:3 1 runed translucent door, Roxanne
Slime:5 Royal Jelly
Elf:2 3 runed translucent doors
Depths:2 exclusions: Tzitzimitl and 1 more exclusion


Innate Abilities, Weirdness & Mutations

You can spit globs of acid.
Your golden yellow scales are hard. (AC +11)
You cannot fit into any form of body armour.
You have acidic saliva.
You are cold-blooded and may be slowed by cold attacks.
You are resistant to acid. (rCorr)


Message History

The rockslime hits you!!!
You hold your ground!
Your Royal Jelly hits the rockslime but does no damage.
Your Royal Jelly hits the rockslime!
The rockslime is splashed with acid.
The acid corrodes the rockslime!
The acid blob hits you!!
* * * LOW HITPOINT WARNING * * *
You are splashed with acid.
You resist.
* * * LOW HITPOINT WARNING * * *
The rockslime hits your phantasmal warrior!
Your phantasmal warrior is shoved backwards!
The rockslime hits your wraith!!!
Your wraith is shoved backwards!
Your wraith is destroyed!
Your wraith disappears in a puff of smoke!
The rockslime hits you but does no damage.
The azure jelly completely misses your spellforged servitor.
The azure jelly closely misses your spellforged servitor.
The azure jelly hits your spellforged servitor.
The azure jelly hits your spellforged servitor but does no damage.
Your wraith hits the rockslime but does no damage.
Your phantasmal warrior gestures at the Royal Jelly.
Your phantasmal warrior blinks!
The rockslime hits you!!!
* * * LOW HITPOINT WARNING * * *
You hold your ground!
Your freezing wraith hits the rockslime but does no damage. x2
Your wraith hits the Royal Jelly.
Your wraith is burned by acid!
The Royal Jelly shudders.
The Royal Jelly spits out another jelly.
Your phantasmal warrior disappears in a puff of smoke!
Your wraith disappears in a puff of smoke!
Your Royal Jelly hits the rockslime!!
The rockslime dies!
You block the acid blob's attack.
The quicksilver ooze completely misses your wraith.
The quicksilver ooze hits your wraith but does no damage.
Your Royal Jelly hits the rockslime!
The rockslime is splashed with acid.
The rockslime seems to be corroded for longer.
Your Royal Jelly hits the rockslime but does no damage.
You block the rockslime's attack. The rockslime hits you!!
You die...

#.....................#**∆∆
∆
##...................##*∆∆∆∆
##...................# ∆∆∆∆∆
##..................##*∆∆∆*
#.......§............###∆∆∆
#........JWW§..........# ∆
###......WJJW..........##*
#....§.JJJ............### *
......§WJ@JJ..............
.....^#..WJJ§..............
*#..#.###..W.9..............
##.##* ###.#...............
, ###............... ,
#............... *
#...............
#................
*#................


You could see the Royal Jelly (ally target), 2 acid blobs, 2 azure jellies, 4
rockslimes, a quicksilver ooze, the friendly Royal Jelly (summoned, drained), a
friendly spellforged servitor (summoned), a friendly phantasmal warrior
(summoned), 2 friendly freezing wraiths and 4 friendly wraiths.

Vanquished Creatures
  Dissolution (Slime:3)
  Boris (twice) (Vaults:4 Depths:4)
  Saint Roka (Vaults:4)
  A golden dragon (Depths:4)
  A tentacled monstrosity (Vaults:2)
  Mlioglotl (Shoals:4)
  Rupert (Lair:4)
  2 liches
  Jorgrun (D:15)
  Asterion (Snake:4)
  A titan (Shoals:4)
  4 acid blobs
  A kraken (Shoals:1)
  3 deep elf master archers (Elf:3)
  6 sphinxes
  An ancient champion (Vaults:2)
  Frances (D:13)
  A storm dragon (Depths:4)
  2 tengu reavers (WizLab)
  A rockslime (Slime:5)
  Donald (Shoals:3)
  2 azure jellies
  7 nagarajas
  A draconian knight (WizLab)
  5 deep elf sorcerers
  5 fire giants
  2 balrugs
  7 vault wardens
  4 frost giants
  Aizul (Shoals:1)
  3 deep elf elementalists (Elf:3)
  2 quicksilver oozes
  A quicksilver ooze (shapeshifter) (D:14)
  A draconian shifter (Depths:4)
  A spriggan defender (Depths:4)
  11 stone giants
  6 ironbound thunderhulks
  8 ironbound preservers
  4 vampire knights
  4 very ugly things
  7 deep elf annihilators (Elf:3)
  3 deep elf demonologists
  A purple draconian (Depths:4)
  8 dire elephants
  A white draconian (Depths:4)
  A red draconian (Depths:4)
  A yellow draconian (Depths:4)
  Azrael (D:15)
  4 spark wasps
  3 ettins
  6 merfolk javelineers
  An eidolon (Vaults:2)
  2 deep elf death magi
  6 merfolk impalers
  A crystal guardian (Vaults:4)
  5 yaktaur captains
  5 fire dragons
  Harold (D:9)
  7 deep elf high priests
  3 great orbs of eyes
  2 entropy weavers
  6 spriggan air magi
  6 hydras
  5 vault guards
  2 salamander tyrants (Snake:4)
  Erolcha (D:9)
  5 ice dragons
  An alligator snapping turtle (Shoals:4)
  4 ironbound frosthearts
  7 anacondas
  2 catoblepae
  5 deep troll shamans
  7 merfolk aquamancers
  3 satyrs
  4 tengu warriors
  9 centaur warriors
  Erica (D:8)
  15 dancing weapons
  A merfolk avatar (Shoals:1)
  8 boulder beetles
  5 two-headed ogres
  6 vampire magi
  A spectral dire elephant (Lair:5)
  11 death yaks
  18 naga sharpshooters
  19 naga warriors
  3 orc high priests
  5 deep troll earth magi
  6 shock serpents
  20 hell knights
  A spriggan berserker (Depths:4)
  14 deep elf knights
  4 sun demons
  2 salamander mystics (Snake:3)
  2 fire crabs (Lair:1)
  2 skeletal warriors (D:15)
  3 iron trolls
  27 deep trolls
  7 sea snakes
  11 deep elf archers
  9 naga ritualists
  6 flayed ghosts
  10 wizards
  A glowing orange brain (Depths:2)
  9 harpies
  25 deep elf pyromancers
  5 necromancers
  Pikel (D:4)
  25 deep elf zephyrmancers
  15 ironbound convokers
  4 lindwurms
  A phantasmal warrior (Depths:4)
  A shining eye (Slime:1)
  2 oklob plants
  2 orc sorcerers (Elf:1)
  3 orc knights
  18 mana vipers
  11 cyclopes
  13 fauns
  13 manticores
  3 merfolk sirens
  18 salamanders
  21 elephants
  26 ugly things
  A guardian serpent (Snake:3)
  17 naga magi
  2 dire elephant zombies (Lair:5)
  14 water nymphs
  45 black mambas
  15 vault sentinels
  A smoke demon (Depths:1)
  12 cane toads
  11 apocalypse crabs
  2 torpor snails
  23 yaktaurs
  3 kobold demonologists (D:13)
  2 efreet
  3 komodo dragons
  A red devil (Depths:4)
  2 tengu conjurers
  A polar bear (Lair:5)
  18 merfolk
  9 trolls
  10 wind drakes
  22 blink frogs
  A tarantella (Vaults:1)
  Prince Ribbit (D:9)
  3 hornets
  A spectral elephant (Lair:5)
  5 dream sheep
  33 slime creatures
  5 snapping turtles
  A jumping spider (Vaults:1)
  5 air elementals (Shoals:4)
  Sigmund (D:3)
  3 shadows
  46 yaks
  3 spriggans
  25 water elementals
  The ghost of cforsyth the Trooper, an amateur MiBe of Trog (D:3)
  5 wyverns
  4 steam dragons
  3 fire bats
  7 basilisks
  A vampire (D:11)
  9 fire elementals
  A death yak simulacrum (Lair:5)
  3 golden eyes (Slime:5)
  3 redbacks (Vaults:1)
  Menkaure (D:5)
  6 wargs
  A spectral cane toad (Lair:5)
  52 nagas
  6 hell hounds
  An acid dragon (D:11)
  17 water moccasins
  A glowing shapeshifter skeleton (Depths:3)
  4 black bears
  40 orc warriors
  A sky beast (D:8)
  2 elephant zombies (Lair:5)
  6 ogres
  7 boggarts
  2 elephant skeletons (Lair:5)
  18 wolves
  12 centaurs
  An elf simulacrum (Vaults:2)
  Blork the orc (D:4)
  5 kobold brigands
  3 gnoll sergeants
  3 earth elementals (Elf:1)
  17 bullfrogs
  3 necrophages
  2 cane toad simulacra (Lair:5)
  11 wights
  11 killer bees
  An elephant simulacrum (Lair:5)
  7 howler monkeys
  2 electric eels (Lair:2)
  3 hounds
  2 jellies
  16 orc priests
  Terence (D:3)
  A hell rat (Depths:2)
  3 iguanas
  15 orc wizards
  Robin (D:4)
  3 adders
  15 gnolls
  4 shadow imps
  2 white imps
  2 ufetubi (D:6)
  9 dart slugs
  70 orcs
  6 ball pythons
  5 bats
  9 endoplasms
  3 giant cockroaches (D:1)
  20 goblins
  13 hobgoblins
  8 jackals
  38 kobolds
  3 quokkas
  5 frilled lizards
  4 rats
  3 tentacles (Shoals:1)
1571 creatures vanquished.

Vanquished Creatures (collateral kills)
  Head Instructor (WizLab)
  A golden dragon (Depths:4)
  A deep elf blademaster (Elf:3)
  A deep elf master archer (Elf:3)
  A quicksilver dragon (WizLab)
  3 acid blobs
  9 sphinxes
  2 tengu reavers
  A shadow dragon (Depths:4)
  2 storm dragons (Depths:4)
  3 rockslimes
  2 fire giants
  3 vault wardens
  A frost giant (Depths:2)
  An iron dragon (Depths:4)
  A draconian shifter (Depths:4)
  An orc warlord (Vaults:2)
  3 deep elf elementalists (Elf:3)
  A draconian stormcaller (Depths:4)
  2 very ugly things
  A quicksilver ooze (Slime:5)
  An ironbound thunderhulk (Vaults:2)
  A spriggan defender (Depths:4)
  An ironbound preserver (Vaults:4)
  A war gargoyle (Vaults:4)
  An eleionoma (shapeshifter) (Depths:2)
  9 dire elephants
  2 red draconians (Depths:4)
  2 spark wasps (Depths:1)
  4 deep elf annihilators (Elf:3)
  3 deep elf death magi (Elf:3)
  A merfolk javelineer (Depths:1)
  2 fire dragons
  3 jiangshi (Depths:4)
  2 yaktaur captains
  An entropy weaver (Vaults:1)
  2 great orbs of eyes (Slime:5)
  3 deep elf high priests (Elf:3)
  A vault guard (Vaults:3)
  An ice dragon (Depths:4)
  2 rakshasas
  A spriggan air mage (WizLab)
  A peacekeeper (Vaults:4)
  5 ironbound frosthearts
  5 hydras (Depths:2)
  A deep troll earth mage (Depths:2)
  3 vampire magi
  2 spriggan berserkers
  2 sun demons
  4 hell knights
  A soul eater (Depths:3)
  3 deep elf knights (Elf:3)
  An iron troll (Depths:3)
  3 skeletal warriors
  A salamander mystic (WizLab)
  2 deep elf archers (Elf:3)
  2 nameless horrors
  2 wizards
  14 deep trolls
  A spriggan simulacrum (Depths:3)
  A lindwurm (Vaults:4)
  A necromancer (Depths:3)
  A phantasmal warrior (Depths:4)
  An ironbound convoker (Vaults:2)
  4 deep elf pyromancers (Elf:3)
  4 deep elf zephyrmancers (Elf:3)
  12 ugly things
  2 manticores (Depths:2)
  A shining eye (Slime:4)
  A naga mage (WizLab)
  4 vault sentinels
  7 yaktaurs
  9 slime creatures
  A frost giant simulacrum (Depths:3)
  A culicivora (Vaults:2)
  A fire elemental (Elf:3)
  3 redbacks
  A hell hound (Depths:2)
  An orc warrior (Orc:2)
  A boggart (Vaults:1)
  A jelly (Slime:2)
  A hell rat (Depths:2)
197 creatures vanquished.

Vanquished Creatures (others)
  A centaur (Orc:2)
  6 demonic plants
  37 fulminant prisms
  29 fungi
  141 plants
  A tentacle (Shoals:1)
  31 withered plants (Lair:5)
246 creatures vanquished.

Grand Total: 2014 creatures vanquished

Notes
Turn   | Place    | Note
-------+----------+-------------------------------------------
     0 | D:1      | themarg the Draconian Conjurer began the quest for the Orb.
     0 | D:1      | Reached XP level 1. HP: 14/14 MP: 3/3
   184 | D:1      | Reached XP level 2. HP: 16/20 MP: 0/5
   733 | D:1      | Reached XP level 3. HP: 26/26 MP: 1/6
   736 | D:1      | Learned a level 2 spell: Searing Ray
  1148 | D:2      | Found Ahecryda's Magic Scroll Emporium.
  1160 | D:2      | Bought a scroll of identify for 22 gold pieces
  1160 | D:2      | Bought a scroll of identify for 22 gold pieces
  1160 | D:2      | Bought a scroll of teleportation for 33 gold pieces
  2081 | D:3      | Found a faded altar of an unknown god.
  2128 | D:3      | Reached XP level 4. HP: 33/33 MP: 3/8
  2300 | D:3      | Noticed a necrophage
  2306 | D:3      | Killed a necrophage
  2307 | D:3      | Reached skill level 5 in Conjurations
  2307 | D:3      | Reached XP level 5. HP: 38/38 MP: 1/9
  2394 | D:3      | Found a runed translucent gate.
  2394 | D:3      | Identified the +3 dagger "Vustysche" {antimagic, Fly rF+
                  | Will-}
  2394 | D:3      | Identified the +1 scale mail of Toabul {rElec rF+++ Int-2}
  2395 | D:3      | Found a runed translucent gate.
  2395 | D:3      | Noticed cforsyth's ghost (amateur MiBe)
  2396 | D:3      | Found a runed translucent gate.
  2739 | D:3      | Noticed Terence
  3053 | D:3      | Found a white marble altar of Elyvilon.
  3138 | D:3      | Noticed Sigmund
  3144 | D:3      | Killed Sigmund
  3145 | D:3      | Reached XP level 6. HP: 28/45 MP: 2/12
  3166 | D:3      | Killed Terence
  3244 | D:3      | Found an ancient bone altar of Kikubaaqudgha.
  3291 | D:3      | Found Jyashrisa's Book Boutique.
  3668 | D:4      | Your scales start taking on a golden yellow colour.
  3668 | D:4      | Reached XP level 7. HP: 50/50 MP: 7/14
  3668 | D:4      | Gained mutation: You are resistant to acid. (rCorr) [Yellow
                  | Draconian growth]
  4074 | D:4      | Noticed Pikel
  4081 | D:4      | Reached skill level 5 in Spellcasting
  4244 | D:4      | Killed Pikel
  4245 | D:4      | Reached XP level 8. HP: 35/57 MP: 6/15
  4346 | D:4      | Noticed Robin
  4356 | D:4      | Killed Robin
  4542 | D:4      | Noticed Blork the orc
  4662 | D:4      | Identified the +3 leather armour of Weightlessness {rF+
                  | MP+9 Str+6 Dex-4}
  4914 | D:4      | Killed Blork the orc
  5165 | D:4      | Found a staircase to the Ecumenical Temple.
  5175 | Temple   | Entered the Ecumenical Temple
  5184 | Temple   | Became a worshipper of Ashenzari the Shackled
  5236 | D:5      | Entered Level 5 of the Dungeon
  5644 | D:5      | Noticed Menkaure
  5652 | D:5      | Killed Menkaure
  5653 | D:5      | Reached skill level 10 in Conjurations
  5653 | D:5      | Reached skill level 1 in Fighting
  5653 | D:5      | Reached skill level 1 in Translocations
  5889 | D:6      | Reached skill level 1 in Hexes
  6423 | D:6      | Reached XP level 9. HP: 68/68 MP: 9/17
  6482 | D:6      | Learned a level 4 spell: Fulminant Prism
  6487 | D:6      | Learned a level 4 spell: Iskenderun's Mystic Blast
  6533 | D:6      | Reached * piety under Ashenzari
  6533 | D:6      | Identified a scroll of acquirement
  6534 | D:6      | Acquired the Tome of Feathery Excavation
  7162 | D:6      | Reached ** piety under Ashenzari
  7524 | D:7      | Found a flagged portal.
  7533 | Bailey   | Entered a bailey
  7601 | Bailey   | Noticed an orc knight
  7895 | Bailey   | Killed an orc knight
  7896 | Bailey   | Reached skill level 5 in Fighting
  8000 | Bailey   | Learned a level 1 spell: Apportation
  8099 | Bailey   | Reached *** piety under Ashenzari
  8125 | Bailey   | Reached skill level 1 in Ice Magic
  8345 | D:7      | Found Lezyo's Weapon Shop.
  8426 | D:7      | Found a hide-covered altar of Uskayaw.
  9208 | D:8      | Reached XP level 10. HP: 68/83 MP: 13/21
  9383 | D:3      | Killed cforsyth's ghost
  9384 | D:3      | Reached skill level 1 in Evocations
  9859 | D:8      | Noticed Erica
  9897 | D:8      | Learned a level 5 spell: Freezing Cloud
 10838 | D:8      | Noticed a tengu warrior
 11283 | D:8      | Killed Erica
 11487 | D:8      | Found a glowing silver altar of Zin.
 11487 | D:8      | Noticed an angel
 11969 | D:9      | Reached XP level 11. HP: 32/93 MP: 2/23
 12527 | D:9      | Noticed Harold
 12532 | D:9      | Killed Harold
 12533 | D:9      | Reached skill level 5 in Evocations
 12832 | D:9      | Noticed a two-headed ogre
 12838 | D:9      | Killed a two-headed ogre
 12977 | D:9      | Noticed Erolcha
 13171 | D:9      | Noticed Prince Ribbit
 13344 | D:9      | Killed Prince Ribbit
 13468 | D:10     | Entered Level 10 of the Dungeon
 13626 | D:10     | Paralysed by a hornet for 1 turns
 14177 | D:10     | Noticed a two-headed ogre
 14180 | D:10     | Killed a two-headed ogre
 14520 | D:10     | Found a blossoming altar of Fedhas.
 14677 | D:10     | Found a staircase to the Lair.
 14677 | D:10     | Noticed an oklob plant
 14684 | D:10     | Killed an oklob plant
 14685 | D:10     | Reached skill level 10 in Spellcasting
 15119 | D:11     | Found a staircase to the Orcish Mines.
 15134 | D:11     | Found Fasmaack's Antique Weapon Shop.
 15850 | D:11     | Noticed a white ugly thing
 15857 | D:11     | Killed a white ugly thing
 15866 | D:11     | Reached skill level 10 in Fighting
 16086 | D:11     | Noticed a boulder beetle
 16467 | D:11     | Killed a boulder beetle
 16468 | D:11     | Reached XP level 12. HP: 106/106 MP: 13/27
 16707 | D:12     | Noticed a two-headed ogre
 16711 | D:12     | Killed a two-headed ogre
 16798 | D:12     | Noticed a boulder beetle
 16813 | D:12     | Killed a boulder beetle
 17072 | D:12     | Identified the ring "Georgh Peire" {rF+ Dex+6}
 17187 | D:12     | Found an iron altar of Okawaru.
 17876 | Lair:1   | Entered Level 1 of the Lair of Beasts
 17978 | Lair:1   | Found a transporter.
 18229 | Lair:1   | Found a transporter.
 18522 | Lair:1   | Noticed a catoblepas
 18536 | Lair:1   | Killed a catoblepas
 18537 | Lair:1   | Reached skill level 5 in Dodging
 20131 | Lair:2   | Reached **** piety under Ashenzari
 20243 | Lair:2   | Found a staircase to the Shoals.
 20610 | Lair:3   | Reached XP level 13. HP: 113/113 MP: 19/30
 21350 | Lair:3   | Found a staircase to the Snake Pit.
 21775 | Lair:4   | Noticed Rupert
 21775 | Lair:4   | Paralysed by Rupert for 5 turns
 21785 | Lair:4   | Killed Rupert
 22600 | Lair:4   | Found a viscous altar of Jiyva.
 22600 | Lair:4   | Found a staircase to the Slime Pits.
 22687 | Lair:5   | Entered Level 5 of the Lair of Beasts
 23221 | Lair:5   | Reached skill level 15 in Spellcasting
 23402 | Lair:5   | Gained mutation: You have acidic saliva. [Yellow Draconian
                  | growth]
 23402 | Lair:5   | Reached XP level 14. HP: 119/122 MP: 5/33
 23833 | Lair:5   | Reached ***** piety under Ashenzari
 25749 | Lair:5   | Learned a level 2 spell: Sublimation of Blood
 25755 | Lair:5   | Learned a level 5 spell: Irradiate
 25947 | Orc:1    | Entered Level 1 of the Orcish Mines
 26116 | Orc:2    | Entered Level 2 of the Orcish Mines
 26315 | Orc:2    | Reached skill level 1 in Transmutations
 26452 | Orc:2    | Found a dark tunnel.
 26548 | Volcano  | Entered a volcano
 27589 | Orc:2    | Reached skill level 1 in Shields
 28077 | Orc:2    | Found a staircase to the Elven Halls.
 28319 | Orc:2    | Found Uhoezyj's Book Boutique.
 28319 | Orc:2    | Found Zunuw's Weapon Emporium.
 28321 | Orc:2    | Found Muruggaineu's Assorted Antiques.
 28323 | Orc:2    | Found Eczos's Assorted Antiques.
 28334 | Orc:2    | Bought an inky potion for 26 gold pieces
 28339 | Orc:2    | Bought a wand of iceblast (4) for 297 gold pieces
 28341 | Orc:2    | Bought a book of Death for 616 gold pieces
 28348 | Orc:2    | Bought a +3 morningstar of protection for 261 gold pieces
 28410 | D:9      | Killed Erolcha
 28551 | D:2      | Bought a scroll of blinking for 82 gold pieces
 28551 | D:2      | Bought a scroll of teleportation for 33 gold pieces
 28551 | D:2      | Bought a scroll of enchant armour for 82 gold pieces
 28551 | D:2      | Bought a scroll of brand weapon for 104 gold pieces
 29536 | D:13     | Found a corrupted altar of Lugonu.
 29606 | D:13     | Noticed Frances
 29618 | D:13     | Killed Frances
 29619 | D:13     | Reached XP level 15. HP: 138/138 MP: 14/34
 29726 | D:13     | Found a gate to the Vaults.
 30343 | D:14     | Reached skill level 10 in Evocations
 31113 | D:14     | Reached skill level 15 in Fighting
 32232 | D:14     | Found Ypimioki's Tremendous Tomes.
 32564 | D:15     | Entered Level 15 of the Dungeon
 32670 | D:15     | Found Powi's Antique Weapon Shop.
 32774 | D:15     | Noticed Jorgrun
 32783 | D:15     | Killed Jorgrun
 32869 | D:15     | Noticed Azrael
 32877 | D:15     | Killed Azrael
 33439 | Snake:1  | Entered Level 1 of the Snake Pit
 33457 | Snake:1  | Reached skill level 1 in Earth Magic
 33472 | Snake:1  | Reached skill level 2 in Earth Magic
 33769 | Snake:1  | Reached skill level 3 in Earth Magic
 33827 | Snake:1  | Reached skill level 4 in Earth Magic
 34086 | Snake:1  | Reached skill level 5 in Earth Magic
 34244 | Snake:1  | Reached skill level 6 in Earth Magic
 34425 | Snake:1  | Reached XP level 16. HP: 105/149 MP: 20/35
 34562 | Snake:1  | Reached skill level 7 in Earth Magic
 35265 | Snake:1  | Found Uneefedy's CLEARANCE SALE!.
 35273 | Snake:1  | Bought a scroll of acquirement for 364 gold pieces
 35273 | Snake:1  | Bought a potion of brilliance for 28 gold pieces
 35273 | Snake:1  | Acquired the +3 buckler of the Jumping Gods {Regen+ Str-5
                  | Int+2}
 35281 | Snake:1  | Acquired the +1 pair of gloves "Zudoop" {Will+ Dex+7}
 35599 | Snake:1  | Learned a level 5 spell: Yara's Violent Unravelling
 35690 | Snake:2  | Reached skill level 8 in Earth Magic
 36859 | Snake:2  | Reached skill level 9 in Earth Magic
 38667 | Snake:3  | Upgraded the game from 0.30-a0-439-g9e77e4d916 to
                  | 0.30-a0-462-gd5975efbca
 38735 | Shoals:1 | Entered Level 1 of the Shoals
 38959 | Shoals:1 | Noticed a kraken
 39037 | Shoals:1 | Killed a kraken
 39145 | Shoals:1 | Reached skill level 5 in Ice Magic
 39428 | Shoals:1 | Noticed Aizul
 39441 | Shoals:1 | Killed Aizul
 39802 | Shoals:2 | Found Qeomuh's Magic Scroll Emporium.
 39898 | Shoals:2 | Reached XP level 17. HP: 88/156 MP: 27/37
 39974 | Shoals:2 | Reached skill level 5 in Shields
 40059 | Shoals:2 | Reached ****** piety under Ashenzari
 40344 | Shoals:2 | Found Fasarch's Visitors' Centre.
 40363 | Shoals:2 | Found Fasarch's Merfolk Magic.
 40363 | Shoals:2 | Found Fasarch's Merfolk Weapons.
 40730 | Shoals:3 | Noticed Donald
 40739 | Shoals:3 | Killed Donald
 40779 | Shoals:3 | Identified Roxanne's Papyrus of Clay
 40779 | Shoals:3 | Noticed Roxanne
 41131 | Shoals:3 | Found a runed translucent door.
 41137 | Shoals:3 | Found a corrupted altar of Lugonu.
 41137 | Shoals:3 | Found a one-way gate to the infinite horrors of the Abyss.
 41474 | Shoals:4 | Entered Level 4 of the Shoals
 41657 | Snake:4  | Entered Level 4 of the Snake Pit
 41893 | Snake:4  | Noticed Asterion
 41900 | Snake:4  | Killed Asterion
 42196 | Snake:4  | Found Luepp's Antique Armour Boutique.
 43784 | Snake:4  | Got a serpentine rune of Zot
 43879 | Snake:4  | Bought an embroidered cloak for 202 gold pieces
 44186 | Shoals:4 | Reached XP level 18. HP: 163/163 MP: 33/39
 44212 | Shoals:4 | Paralysed by an air elemental for 1 turns
 44340 | Shoals:4 | Noticed Mlioglotl
 44391 | Shoals:4 | Killed Mlioglotl
 44717 | Shoals:4 | Reached skill level 10 in Ice Magic
 44720 | Shoals:4 | Reached skill level 10 in Earth Magic
 44933 | Shoals:4 | Reached skill level 1 in Summonings
 46055 | Shoals:4 | Reached skill level 11 in Earth Magic
 46256 | Shoals:4 | Got a barnacled rune of Zot
 46756 | Elf:1    | Entered Level 1 of the Elven Halls
 47051 | Elf:1    | Learned a level 6 spell: Iron Shot
 47057 | Elf:1    | Learned a level 5 spell: Borgnjor's Vile Clutch
 47065 | Elf:1    | Learned a level 7 spell: Spellforged Servitor
 47217 | Elf:1    | Reached skill level 5 in Summonings
 47360 | Elf:1    | Reached skill level 12 in Earth Magic
 47474 | Elf:1    | Identified Mnoleg's Almanac of the Retinue
 48651 | Elf:2    | Reached skill level 13 in Earth Magic
 48826 | Elf:2    | Found a runed translucent gate.
 48826 | Elf:2    | Found a runed translucent gate.
 48827 | Elf:2    | Found a runed translucent gate.
 48841 | Elf:2    | Reached XP level 19. HP: 177/177 MP: 34/42
 49238 | Vaults:1 | Entered Level 1 of the Vaults
 49256 | Vaults:1 | Learned a level 8 spell: Lehudib's Crystal Spear
 49791 | Vaults:1 | Reached skill level 14 in Earth Magic
 50867 | Vaults:2 | Reached skill level 15 in Earth Magic
 50874 | Vaults:2 | Reached skill level 1 in Necromancy
 51547 | Vaults:2 | Reached skill level 16 in Earth Magic
 51960 | Vaults:1 | Upgraded the game from 0.30-a0-462-gd5975efbca to
                  | 0.30-a0-465-g8901f6c8b5
 52153 | Vaults:2 | Found a staircase to the Crypt.
 52720 | Vaults:3 | Reached skill level 17 in Earth Magic
 53108 | Vaults:3 | Reached XP level 20. HP: 184/184 MP: 19/44
 53463 | Vaults:3 | Found Ugimuomp's Antique Armour Emporium.
 54116 | Vaults:4 | Noticed Saint Roka
 54222 | Vaults:4 | Killed Saint Roka
 54312 | Vaults:4 | Reached skill level 18 in Earth Magic
 54854 | Vaults:4 | Noticed Boris
 54866 | Vaults:4 | Killed Boris
 55637 | Vaults:4 | Found Qethri's Assorted Antiques.
 56338 | D:15     | Found a staircase to the Depths.
 56400 | Depths:1 | Entered Level 1 of the Depths
 56454 | Depths:1 | Found a magical portal.
 56465 | WizLab   | Entered Yara's Duelist Academy
 56579 | WizLab   | Reached skill level 19 in Earth Magic
 56736 | WizLab   | Noticed Keamit
 56745 | WizLab   | Killed Keamit the Head Instructor
 56934 | WizLab   | Reached XP level 21. HP: 183/189 MP: 35/46
 57032 | WizLab   | Identified Yara's Excursus on Charms
 57185 | WizLab   | Identified Yara's Catalogue of the Oath
 57189 | WizLab   | Identified Yara's Catalogue of Charms
 57831 | Depths:1 | Found a gateway to Hell.
 58281 | Depths:1 | Found a portal to a secret trove of treasure.
 58648 | Depths:2 | Reached skill level 20 in Earth Magic
 58932 | Depths:2 | Reached skill level 5 in Necromancy
 59159 | Depths:2 | Found a one-way gate leading to the halls of Pandemonium.
 60540 | Depths:3 | Found an ancient bone altar of Kikubaaqudgha.
 60963 | Depths:3 | Found Nautraja's Armour Shoppe.
 61231 | Depths:3 | Identified the cursed +6 demon blade "Shackled With Me"
                  | {elec, Evo, Comp} (You took it off a naga ritualist on
                  | level 1 of the Snake Pit)
 61231 | Depths:3 | Identified the cursed +2 cloak "At What Cost Knowledge?"
                  | {Cun, Self} (You bought it in a shop on level 4 of the
                  | Snake Pit)
 61231 | Depths:3 | Identified the cursed +2 hat of Ashenzari's Sybil {Will+,
                  | Range, Cun} (You found it on level 3 of the Dungeon)
 61231 | Depths:3 | Identified the cursed +0 pair of boots of the Eye in the
                  | Sky {Bglg, Comp} (You found it on level 2 of the Shoals)
 61231 | Depths:3 | Identified the cursed ring of the Tethered Secrets {Int+6,
                  | Bglg, Melee} (You found it on level 2 of the Dungeon)
 61231 | Depths:3 | Identified the cursed amulet of the Eternal Sun {RegenMP,
                  | Range, Evo} (You found it on level 2 of the Lair of Beasts)
 61255 | Depths:3 | Identified the Monograph on Blows and Bruises and Air
 61588 | Depths:4 | Entered Level 4 of the Depths
 61617 | Depths:4 | Reached XP level 22. HP: 153/206 MP: 30/48
 61834 | Depths:4 | Noticed Boris
 61843 | Depths:4 | Killed Boris
 61963 | Depths:4 | Reached skill level 21 in Earth Magic
 62348 | Depths:4 | Noticed a golden dragon
 62356 | Depths:4 | Killed a golden dragon
 62446 | Depths:4 | Noticed a golden dragon
 62450 | Depths:4 | Found a gate to the Realm of Zot.
 62452 | Depths:4 | Killed a golden dragon
 63248 | Depths:4 | Reached skill level 22 in Earth Magic
 63447 | Depths:4 | Found a one-way gateway to a ziggurat.
 63890 | Elf:3    | Entered Level 3 of the Elven Halls
 63990 | Elf:3    | Found Helazxaf's Jewellery Emporium.
 63990 | Elf:3    | Found Wapaoj's Book Boutique.
 63993 | Elf:3    | Found Wagimpia's Book Boutique.
 65262 | Elf:3    | Identified the ring "Fausurari" {Ice Drain rElec rN+ Int+3}
 65353 | Elf:3    | Identified Kikubaaqudgha's Teachings on the Mortuary
 65362 | Elf:3    | Identified the Lessons on the Dead and the Spider
 65362 | Elf:3    | Identified the Catalogue of the Eagle
 65370 | Elf:3    | Identified the +8 sling "Caetauq" {freeze, rN+}
 65534 | Elf:3    | Identified the +0 pair of gloves "Pukk" {rC++}
 65536 | Elf:3    | Found the -2 hat of the Alchemist {rElec rPois rF+ rC+ rN+
                  | Will+ rMut rCorr}
 65541 | Elf:3    | Identified the +0 helmet "Coitsah" {Drain rElec rF- rN+++}
 65546 | Elf:3    | Identified The Second Course in Thaumaturgy
 65546 | Elf:3    | Identified the +8 flail of the Fifty Deaths {vorpal, +Blink
                  | rN+ Int+2}
 66031 | Elf:3    | Bought a manual of Fighting for 1440 gold pieces
 66277 | Slime:1  | Entered Level 1 of the Pits of Slime
 66292 | Lair:4   | Learned a level 9 spell: Shatter
 66300 | Lair:4   | Learned a level 7 spell: Haunt
 66312 | Slime:1  | Reached XP level 23. HP: 183/214 MP: 9/49
 66313 | Slime:1  | Found a viscous altar of Jiyva.
 66425 | Slime:3  | Noticed Dissolution
 66433 | Slime:3  | Killed Dissolution
 66621 | Slime:5  | Entered Level 5 of the Pits of Slime
 66966 | Slime:5  | Found the +0 staff of Battle
 66981 | Slime:5  | Noticed the Royal Jelly
 66998 | Slime:5  | Slain by a rockslime

Illustrated notes

Levels and vault maps discovered:
D:1:      co_arrival_square_in_a_square_in_a_square, layout_basic,
          minmay_tetromino_i2
D:2:      layout_basic, serial_shops, shop, kennysheep_path_1,
          amcnicky_mini_corridor_feature, kennysheep_generic_room_4
D:3:      layout_loops_ring, mainiacjoe_overflow_chevrons, lemuel_doored_altar,
          hellmonk_ecumenical_altar_inner_sanctum, serial_shops, shop,
          biasface_ghost_orc_armoury, lexackson_kobold_supper, uniq_terence,
          uniq_sigmund
D:4:      layout_basic, minmay_temple_entry_drinking_statues,
          columned_hall_lemuel, kennysheep_generic_room_16, uniq_robin,
          uniq_blork_the_orc, uniq_pikel
D:5:      layout_rooms, uniq_menkaure
D:6:      layout_layer_cave, serial_demonic, serial_demonic_a, serial_demonic_c,
          serial_demonic_g, serial_demonic_g, serial_demonic_d, serial_demonic_c
D:7:      layout_gridville, nicolae_uskayaw_dance_hall, enter_bailey_3,
          serial_shops, nicolae_shop_bloodbath_and_beyond
D:8:      layout_loops_corners, zin_angel, minmay_statues_item, nzn_random_ring,
          uniq_erica, uniq_joseph
D:9:      layout_long_grid, serial_glass, glass_columns_c, glass_columns_a,
          glass_columns_c, glass_columns_c, glass_columns_a,
          due_unseen_surprise, abandoned_shop, uniq_harold, uniq_prince_ribbit1,
          uniq_erolcha
D:10:     layout_cross, fedhas_ov_isle_minmay, dpeg_oklobed_lair,
          nicolae_hexahallways
D:11:     layout_loops_ring, minmay_orc_entry_guard_dogs, serial_shops,
          nicolae_shop_hallway_stairs
D:12:     layout_roguey, serial_aquarium, aquarium_bridge_square
          [aquarium_subvault_bridge, aquarium_subvault_balcony,
          aquarium_subvault_wall, aquarium_subvault_wall], aquarium_window_2,
          aquarium_window_corner, aquarium_view_2c, aquarium_pool_1,
          okawaru_ov_weapons_minmay
D:13:     kennysheep_kobold_lugonu_temple, layout_irregular_city,
          david_vaults_1, beargit_elvish_explorers, uniq_frances
D:14:     wad_guarded_room, layout_basic, dk_noncrumbling_3,
          nicolae_shop_i_like_big_books
D:15:     grunt_enter_depths_snipers, layout_rooms, minmay_misc_feat_columns,
          serial_shops, nicolae_square_shop, minmay_misc_feat_five,
          uniq_jorgrun, uniq_azrael
Temple:   sentei_temple_godly_chess
Lair:1:   gammafunk_cloud_chamber, layout_chaotic_city,
          grunt_forest_large_clearing_hut
Lair:2:   layout_gridlike, elwin_shoals_entry_rooms, serial_bayou_lagoon_b
Lair:3:   layout_gridlike, minmay_snake_entry_guardpost_medium
Lair:4:   layout_big_grid, dpeg_slime_entry_corner, uniq_rupert
Lair:5:   due_jungle_book, layout_misc_corridors
Shoals:1: layout_shoals, uniq_aizul
Shoals:2: nicolae_shoals_mermall, layout_shoals, serial_shops,
          nicolae_stop_n_shop_1, nicolae_shoals_sun_and_surf
Shoals:3: layout_shoals, nicolae_shoals_abyss_on_the_beach, uniq_roxanne,
          uniq_donald
Shoals:4: shoals_end_hellmonk_storm_palace [storm_palace_center_circular,
          storm_palace_corner_pillars, storm_palace_corner_pillars,
          storm_palace_corner_grid, storm_palace_corner_pillars], uniq_mlioglotl
Snake:1:  layout_misc_corridors, nicolae_shop_clearance
Snake:2:  layout_chambers, guppyfry_library_mini, grunt_megastairs_4
Snake:3:  layout_layer_cave
Snake:4:  minmay_snake_end_coiled, layout_cave_town, serial_shops,
          nicolae_shop_waterfront, lemuel_fruit_tree, uniq_asterion
Slime:1:  layout_caves, basic_altar
Slime:2:  layout_caves, basic_altar, nicolae_slime_welcoming_committee
Slime:3:  layout_caves, uniq_dissolution
Slime:4:  layout_caves
Slime:5
Orc:1:    layout_caves
Orc:2:    st_orc_rangers, layout_caves, enter_volcano_2
Elf:1:    nicolae_elf_arrival_no_cutting_in_line, layout_rooms,
          minmay_elf_demonology, serial_sigils_hangedman_etch,
          grunt_ministairs_13, serial_sigils_hangedman_scratch
Elf:2:    nicolae_elf_blades_splatter_lattice
          [nicolae_blade_entry_crossed_weapons], layout_geoelf_grid
Elf:3:    minmay_elf_hall_hex, layout_geoelf_grid, minmay_shop_grove
Vaults:1: ontoclasm_vaults_shout, ontoclasm_vaults_bender,
          nicolae_vaults_little_squares_2, nicolae_vaults_network_barrier,
          v_misc_32, nicolae_vaults_little_squares_1, nicolae_vaults_gold_heap,
          ontoclasm_vaults_fault, v_misc_19, nicolae_vaults_rhombus_5,
          hangedman_vaults_corner_blocks, vaults_room_corners,
          layout_vaults_omnibox
Vaults:2: serial_ice_m, minmay_crypt_entry_simple_statues,
          hangedman_vaults_cutoff, hangedman_vaults_variations,
          vaults_room_octagon, vaults_mumra_hexcomb, st_more_cells, v_misc_5,
          ontoclasm_vaults_eye, nicolae_vaults_mini_display_case,
          grunt_vaults_hallway_long, layout_vaults_maze_snakey
Vaults:3: nicolae_vaults_arrows, nicolae_vaults_holding_cells, v_pattern_3,
          vaults_standard_mumra_x, layout_vaults_omnigrid, serial_shops,
          nicolae_shop_overgrown_old_shop
Vaults:4: ontoclasm_vaults_hangar, v_misc_33, vaults_room_stairs_pillars,
          v_misc_4, v_pattern_2, v_misc_15, ontoclasm_vaults_ligature,
          layout_vaults_omnicross, serial_shops, shop, uniq_saint_roka,
          uniq_boris
Depths:1: layout_gridlike, lightli_too_deep, chequers_serial_rivers_micro_a,
          infiniplex_enter_wizlab_glasses, nicolae_trove_entry_crystal,
          kennysheep_opposing_triangles, serial_bayou_shore_a
Depths:2: cheibrodos_tormentor_scu, layout_gridlike, nicolae_twisting_strands,
          special_room [special_room_mythical_zoo], rand_demon_pan_entry_1,
          hell_entry, nicolae_wwwww, chequers_serial_rivers_micro_c
Depths:3: gammafunk_mikee_crab_dinner, layout_gridville, serial_glass,
          glass_columns_a, glass_columns_b, abyss_entry, hellmouth_1,
          serial_shops, shop_coins, kiku_gazebo_pond_becter
Depths:4: grunt_zot_entry_funnels, layout_honeycomb, enter_ziggurat_a,
          grunt_hell_entry_dis_grunt, grunt_pan_entry_in_and_out, drop_trap

Skill      XL: |  1  2  3  4  5  6  7  8  9 10 11 12 13 14 15 16 17 18 19 20 21 22 23 |
---------------+----------------------------------------------------------------------+-----
Stealth        | 2 3 |  3.0
Spellcasting   | 3 4 5 7 8 11 13 15 16 17 19 20 | 20.9
Conjurations   | 5 6 8 10 | 10.6
Fighting       | 2 5 7 10 14 15 16 17 | 17.5
Translocations | 2 |  2.3
Hexes          | 2 4 |  4.6
Dodging        | 2 3 6 8 |  8.1
Ice Magic      | 2 4 5 9 10 | 10.0
Evocations     | 4 5 6 9 12 | 12.7
Transmutations | 1 |  1.4
Shields        | 2 4 9 |  9.3
Earth Magic    | 6 9 13 17 19 20 22 | 22.0
Summonings     | 6 7 |  7.6
Necromancy     | 2 3 6 8 9 |  9.1

Action                   |  1- 3 |  4- 6 |  7- 9 | 10-12 | 13-15 | 16-18 | 19-21 | 22-24 || total
-------------------------+-------+-------+-------+-------+-------+-------+-------+-------++-------
Melee: Unarmed           |    86 |       |       |       |       |       |       |       ||    86
       Tailslap          |     6 |     2 |     1 |    20 |    12 |    19 |    14 |    11 ||    85
       Mace              |     6 |    23 |    16 |    78 |    50 |       |       |       ||   173
       Punch             |       |     1 |       |     1 |       |       |       |       ||     2
       Bite              |       |       |       |       |     4 |    16 |    14 |     8 ||    42
       Morningstar       |       |       |       |       |     4 |   107 |       |       ||   111
       Demon blade       |       |       |       |       |       |    10 |    84 |    29 ||   123
 Cast: Magic Dart        |    85 |    10 |    83 |    16 |     9 |       |       |     1 ||   204
       Searing Ray       |     1 |    23 |    68 |    59 |    46 |    17 |     1 |       ||   215
       Iskenderun's Myst |       |       |     6 |    76 |   239 |   224 |    66 |     9 ||   620
       Fulminant Prism   |       |       |     2 |     3 |    10 |    22 |       |       ||    37
       Apportation       |       |       |     2 |       |     3 |     3 |     1 |       ||     9
       Freezing Cloud    |       |       |       |    73 |   288 |   385 |   172 |    77 ||   995
       Sublimation of Bl |       |       |       |       |     2 |    29 |   110 |    39 ||   180
       Yara's Violent Un |       |       |       |       |       |    36 |    21 |    22 ||    79
       Borgnjor's Vile C |       |       |       |       |       |       |   193 |    71 ||   264
       Spellforged Servi |       |       |       |       |       |       |    79 |    40 ||   119
       Iron Shot         |       |       |       |       |       |       |   165 |    68 ||   233
       Haunt             |       |       |       |       |       |       |       |     6 ||     6
Invok: Curse Item        |       |       |     4 |     3 |     2 |     4 |     1 |       ||    14
       Shatter the Chain |       |       |       |     1 |     1 |     3 |       |     1 ||     6
 Abil: Breathe Acid      |       |       |     7 |    18 |    23 |    11 |     4 |       ||    63
       Evoke Invisibilit |       |       |       |       |       |     1 |       |       ||     1
Evoke: Wand              |       |       |       |     3 |     7 |     4 |     3 |       ||    17
       Box of beasts     |       |       |       |       |     2 |       |       |       ||     2
       Lightning rod     |       |       |       |       |     3 |     4 |       |       ||     7
       Phial of floods   |       |       |       |       |       |       |     4 |     2 ||     6
       Phantom mirror    |       |       |       |       |       |       |       |     1 ||     1
  Use: Potion            |     1 |       |     3 |       |     3 |     3 |       |       ||    10
       Scroll            |     3 |       |     1 |     3 |     9 |     9 |     1 |     2 ||    28
 Stab: Sleeping          |       |       |       |     1 |       |       |     1 |       ||     2
       Distracted        |       |       |       |       |       |       |     1 |     1 ||     2
Armor: Skin              |    34 |    17 |    34 |    50 |    75 |    75 |    56 |     8 ||   349
Dodge: Dodged            |    84 |    22 |    54 |   137 |   237 |   194 |   190 |    55 ||   973
Block: Buckler           |       |       |       |       |       |   134 |   108 |    41 ||   283

Table legend: (Time is in decaauts)
 A = Elapsed time spent in this place.
 B = Non-inter-level travel time spent in this place.
 C = Inter-level travel time spent in this place.
 D = Time resting spent in this place.
 E = Time spent auto-exploring this place.
 F = Levels seen in this place.
 G = Mean time per level.
                   A        B        C        D        E       F      G
               +--------+--------+--------+--------+--------+-----+--------+
         Total |  67776 |  63361 |   4415 |  15533 |  32632 |  50 | 1355.5 |
       Dungeon |  22780 |  21204 |   1576 |   3414 |  14706 |  15 | 1518.7 |
        Temple |     17 |     17 |      0 |      0 |      0 |   1 |   17.0 |
          Lair |   8944 |   8175 |    769 |   1980 |   4477 |   5 | 1788.8 |
        Shoals |   5768 |   5366 |    402 |   1468 |   2218 |   4 | 1442.0 |
     Snake Pit |   7686 |   7278 |    408 |   1910 |   3412 |   4 | 1921.5 |
    Slime Pits |    658 |    658 |      0 |    398 |      0 |   5 |  131.6 |
  Orcish Mines |   2479 |   2322 |    157 |   1232 |    462 |   2 | 1239.5 |
   Elven Halls |   4726 |   4108 |    618 |   1289 |   1159 |   3 | 1575.3 |
        Vaults |   6549 |   6238 |    311 |   1540 |   2908 |   4 | 1637.2 |
        Depths |   6508 |   6337 |    171 |   1580 |   3203 |   4 | 1627.0 |
        Bailey |    770 |    770 |      0 |    402 |      0 |   1 |  770.0 |
       Volcano |     94 |     94 |      0 |      0 |      0 |   1 |   94.0 |
        Wizlab |    792 |    792 |      0 |    318 |     84 |   1 |  792.0 |
               +--------+--------+--------+--------+--------+-----+--------+

Top non-repeatable levels by time:
  Lair:5: 2460 daAuts
     D:8: 2411 daAuts
 Snake:1: 2383 daAuts
Shoals:4: 2364 daAuts
 Snake:4: 2186 daAuts
   Elf:3: 2177 daAuts
    D:14: 2092 daAuts
Depths:4: 2008 daAuts
     D:3: 1905 daAuts
    D:11: 1887 daAuts
     D:9: 1875 daAuts
  Lair:1: 1858 daAuts
Vaults:1: 1780 daAuts
Depths:2: 1762 daAuts
   Orc:2: 1755 daAuts
